 Dungeon Crawl Stone Soup version 0.31-a0-833-gc15d34cb79 (webtiles) character file.

Game seed: 3720252075122665219

2950 Kurtz the Cleaver (level 9, -12/62 HPs)
             Began as an Octopode Fighter on Sept 25, 2023.
             Was an Initiate of Makhleb.
             Mangled by a centaur warrior (14 damage)
             ... on level 8 of the Dungeon.
             The game lasted 00:09:11 (5408 turns).

Kurtz the Cleaver (Octopode Fighter)                Turns: 5408, Time: 00:09:13

Health: -12/62     AC:  1    Str: 16 (17) XL:     9   Next: 81%
Magic:  0/10       EV: 14    Int:  8 (11) God:    Makhleb [......]
Gold:   404        SH:  6    Dex: 17 (19) Spells: 8/8 levels left

rFire   . . .        r - +1 war axe (venom)
rCold   + . .        b - +0 buckler
rNeg    + . .        (helmet restricted)
rPois   .            p - amulet of guardian spirit
rElec   .            g - ring of Descent {rC+ rN+ Slay+2}
rCorr   .            z - +6 ring of dexterity
SInv    .            (no ring)
Will    .....        (no ring)
Stlth   +++          (no ring)
HPRegen 0.30/turn    (no ring)
MPRegen 0.12/turn    (no ring)
                     (no ring)

%: guardian spirit
@: no status effects
A: almost no armour, amphibious, 8 rings, camouflage 1, gelatinous body 1,
(nimble swimmer 1), tentacles
a: Renounce Religion


You were on level 8 of the Dungeon.
You worshipped Makhleb.
Makhleb was noncommittal.
You visited 2 branches of the dungeon, and saw 9 of its levels.

You collected 404 gold pieces.

Inventory:

Hand Weapons
 a - a +0 war axe
 l - a +0 hand axe of venom
 n - the +11 great sword "Bokax" {speed, Str+5}
   (You found it on level 3 of the Dungeon)

   Str+5:     It affects your strength (+5).
 r - a +1 war axe of venom (weapon)
Missiles
 w - a throwing net
 x - 8 poisoned darts (quivered)
 B - 7 curare-tipped darts
Armour
 b - a +0 buckler (worn)
Jewellery
 g - the ring of Descent (left tentacle) {rC+ rN+ Slay+2}
   (You found it on level 2 of the Dungeon)

   [ring of positive energy]

   Slay+2:    It affects your accuracy & damage with ranged weapons and melee
   (+2).
   rC+:       It protects you from cold.
   rN+:       It protects you from negative energy.
 p - an amulet of guardian spirit (around mantle)
 z - a +6 ring of dexterity (right tentacle)
Wands
 y - a wand of charming (14)
Scrolls
 e - 4 scrolls of identify {unknown}
 h - 4 scrolls of teleportation {unknown}
 j - a scroll of enchant armour {unknown}
 k - 2 scrolls of blinking {unknown}
 o - a scroll of amnesia {unknown}
 u - a scroll of enchant weapon {unknown}
 C - a scroll of brand weapon {unknown}
 D - a scroll of fog {unknown}
Potions
 c - a potion of might
 f - a potion of mutation {unknown}
 i - 2 potions of curing {unknown}
 m - 2 potions of heal wounds {unknown}
 q - 2 potions of attraction
 s - a potion of resistance {unknown}
 t - a potion of ambrosia {unknown}
 v - a potion of invisibility {unknown}
 A - a potion of enlightenment {unknown}
 E - 2 potions of berserk rage {unknown}


   Skills:
 * Level 6.0 Fighting
 * Level 11.0 Axes
 + Level 4.3 Dodging
 * Level 5.2 Shields
 * Level 1.4 Invocations


You had 8 spell levels left.
You didn't know any spells.
Your spell library contained the following spells:

 Spells                   Type           Power      Damage    Failure   Level
 Apportation              Tloc           0%         N/A       50%         1
 Necrotise                Necr           0%         1d4       50%         1
 Summon Small Mammal      Summ           0%         N/A       50%         1
 Ensorcelled Hibernation  Hex/Ice        0%         N/A       63%         2
 Jinxbite                 Hex            0%         N/A       63%         2
 Scorch                   Fire           0%         2d5       63%         2
 Sublimation of Blood     Necr           0%         N/A       63%         2
 Wereblood                Tmut           0%         N/A       63%         2
 Frozen Ramparts          Ice            0%         1d1       86%         3
 Hailstorm                Conj/Ice       0%         3d3       86%         3
 Summon Guardian Golem    Hex/Summ       0%         N/A       86%         3
 Anguish                  Hex/Necr       0%         N/A       99%         4
 Flame Wave               Conj/Fire      0%         2d4       99%         4
 Petrify                  Tmut/Erth      0%         N/A       99%         4
 Summon Ice Beast         Ice/Summ       0%         N/A       99%         4
 Metabolic Englaciation   Hex/Ice        0%         N/A       100%        5
 Simulacrum               Ice/Necr       0%         N/A       100%        6
 Summon Cactus Giant      Summ           0%         N/A       100%        6
 Malign Gateway           Summ/Tloc      0%         N/A       100%        7
 Orb of Destruction       Conj           0%         9d5       100%        7
 Spellforged Servitor     Conj/Summ      0%         N/A       100%        7
 Summon Hydra             Summ           0%         N/A       100%        7
 Summon Horrible Things   Summ           0%         N/A       100%        8


Dungeon Overview and Level Annotations

Branches:
Dungeon (8/15)             Temple (1/1) D:6
   Lair: D:8-11

Altars:
Ashenzari
Cheibriados
Dithmenos
Fedhas
Gozag
Hepliaklqana
Makhleb
Nemelex Xobeh
Okawaru
Qazlal
Ru
Sif Muna
Trog
Uskayaw
Vehumet
Wu Jian
Xom
Yredelemnul
Zin
The Shining One

Annotations:
D:3 exclusions: Grinder and 1 more exclusion
D:7 2 transporters, justen's ghost, novice OpSh


Innate Abilities, Weirdness & Mutations

You cannot wear most types of armour.
You are amphibious.
You can wear up to eight rings at the same time.
Your skin changes colour to match your surroundings (Stealth+).
Your rubbery body absorbs attacks. (AC +1, EV +1)
((You are camouflaged when in or above water. (Stealth+)))
You have tentacles for arms and can constrict up to eight enemies at once.


Message History

You barely miss the centaur warrior. You block the centaur warrior's attack.
The centaur warrior kicks you. The centaur warrior hits you!
The centaur warrior completely misses you.
You slash the centaur warrior!
The centaur warrior is poisoned.
The centaur warrior is lightly wounded.
The centaur warrior hits you.
The centaur warrior kicks you but does no damage.
You closely miss the centaur warrior.
The centaur warrior is moderately wounded.
The centaur warrior hits you!
The centaur warrior kicks you but does no damage.
The centaur warrior hits you!
The centaur warrior kicks you but does no damage.
You are too injured to fight recklessly!
You hit the centaur warrior but do no damage.
The centaur warrior looks as sick as possible!
You squeeze the centaur warrior, but do no damage.
The centaur warrior is lightly wounded.
You block the centaur warrior's attack. The centaur warrior misses you.
You slash the centaur warrior!
The centaur warrior is heavily wounded.
The centaur warrior hits you. The centaur warrior kicks you.
The centaur warrior hits you! The centaur warrior kicks you.
* * * LOW HITPOINT WARNING * * *
Unknown command.
You hit the centaur warrior.
The centaur warrior looks as sick as possible!
You squeeze the centaur warrior!
The centaur warrior is severely wounded.
The centaur warrior hits you!
* * * LOW HITPOINT WARNING * * *
The centaur warrior kicks you.
* * * LOW HITPOINT WARNING * * *
It was a potion of degeneration.
There was something very wrong with that liquid.
You feel weakened.
You feel dopey.
You feel clumsy. The centaur warrior barely misses you.
The centaur warrior completely misses you.
The centaur warrior hits you!
You die...

###############
.......<.......
.............##
.......@.....#
......c......#
.............#
..############
.


You could see a centaur warrior (extremely poisoned).

Vanquished Creatures
  A hornet (D:6)
  Grinder (D:3)
  Sigmund (D:4)
  Eustachio (D:4)
  An ice beast (D:6)
  A black bear (D:5)
  A sky beast (D:6)
  An ogre (D:6)
  3 phantoms
  3 bullfrogs (D:7)
  2 kobold brigands
  3 scorpions
  7 wights (D:7)
  4 hounds
  A jelly (D:7)
  An orc priest (D:6)
  2 sleepcaps
  Natasha (twice) (D:3)
  3 iguanas
  Ijyb (D:5)
  3 orc wizards
  Robin (D:2)
  17 gnolls
  6 adders
  2 white imps
  A worm (D:2)
  2 dart slugs
  22 orcs
  6 bats
  13 endoplasms
  4 giant cockroaches
  8 goblins
  4 hobgoblins
  16 kobolds
  A quokka (D:4)
  6 ball pythons
  A frilled lizard (D:2)
  2 rats
155 creatures vanquished.

Notes
Turn   | Place    | Note
-------+----------+-------------------------------------------
     0 | D:1      | Kurtz the Octopode Fighter began the quest for the Orb.
     0 | D:1      | Reached XP level 1. HP: 16/16 MP: 1/1
   123 | D:1      | Reached XP level 2. HP: 19/21 MP: 2/2
   533 | D:2      | Identified the ring of Descent {rC+ rN+ Slay+2}
   541 | D:2      | Reached skill level 3 in Axes
   631 | D:2      | Reached XP level 3. HP: 21/26 MP: 3/3
   686 | D:2      | Noticed Robin
   697 | D:2      | Killed Robin
   826 | D:2      | Reached XP level 4. HP: 27/31 MP: 4/4
  1108 | D:3      | Reached skill level 4 in Axes
  1262 | D:3      | Identified the +11 great sword "Bokax" {speed, Str+5}
  1283 | D:3      | Noticed Grinder
  1373 | D:3      | Found a faded altar of an unknown god.
  1483 | D:3      | Reached XP level 5. HP: 22/36 MP: 5/5
  1686 | D:3      | Paralysed by Grinder for 4 turns
  1694 | D:3      | Killed Grinder
  1695 | D:3      | Reached skill level 6 in Axes
  1695 | D:3      | Reached XP level 6. HP: 29/42 MP: 6/6
  1811 | D:3      | Noticed Natasha
  1818 | D:3      | Killed Natasha
  1851 | D:3      | Noticed Natasha
  1857 | D:3      | Killed Natasha
  2164 | D:4      | Noticed Eustachio
  2166 | D:4      | Reached XP level 7. HP: 46/46 MP: 7/7
  2221 | D:4      | Killed Eustachio
  2222 | D:4      | Reached skill level 7 in Axes
  2716 | D:4      | Noticed Sigmund
  2727 | D:4      | Killed Sigmund
  2728 | D:4      | Reached skill level 8 in Axes
  2728 | D:4      | Reached XP level 8. HP: 43/54 MP: 6/8
  2958 | D:5      | Entered Level 5 of the Dungeon
  3290 | D:5      | Noticed Ijyb
  3297 | D:5      | Killed Ijyb
  3717 | D:6      | Reached skill level 9 in Axes
  3898 | D:6      | Reached XP level 9. HP: 60/60 MP: 9/9
  3929 | D:6      | Reached skill level 5 in Fighting
  3988 | D:6      | Noticed a hornet
  3991 | D:6      | Killed a hornet
  3992 | D:6      | Reached skill level 10 in Axes
  4152 | D:6      | Found a staircase to the Ecumenical Temple.
  4161 | D:6      | Reached skill level 5 in Shields
  4176 | Temple   | Entered the Ecumenical Temple
  4248 | Temple   | Became a worshipper of Makhleb the Destroyer
  4763 | D:7      | Found a transporter.
  4776 | D:7      | Found a transporter.
  4779 | D:7      | Noticed justen's ghost (novice OpSh)
  4904 | D:7      | Identified the +1 quarterstaff "Assedgh" {speed, Str+3}
  4971 | D:7      | Reached skill level 1 in Invocations
  5260 | D:7      | Reached skill level 11 in Axes
  5399 | D:8      | Noticed a centaur warrior
  5407 | D:8      | HP: 2/62 [centaur warrior (4)]
  5408 | D:8      | Mangled by a centaur warrior

Illustrated notes

Levels and vault maps discovered:
D:1:      dpeg_arrival_tiny_i, layout_rooms,
          nicolae_concentric_dashed_squares_mild, serial_park_tiny_1
D:2:      layout_loops_ring, uniq_robin
D:3:      layout_loops_ring, serial_forest, infiniplex_forest_lined_3,
          infiniplex_forest_end_1, infiniplex_forest_lined_2,
          infiniplex_forest_corner_1, infiniplex_forest_clump_tiny,
          infiniplex_forest_fountain, infiniplex_forest_lined_4_way,
          infiniplex_forest_lined_1, basic_ecumenical_altar,
          minmay_fractal_squares_5, uniq_natasha, uniq_grinder
D:4:      layout_loops_ring, uniq_eustachio, uniq_sigmund
D:5:      layout_cave_pools, uniq_ijyb
D:6:      layout_rooms, minmay_temple_entry_slanted, minmay_misc_feat_encased
D:7:      layout_loops_ring, nzn_ghost_randoct
D:8:      layout_basic, minmay_misc_feat_tower
Temple:   mainiacjoe_temple_cubbyholes

Skill      XL: |  1  2  3  4  5  6  7  8  9 |
---------------+----------------------------+-----
Axes           | 3 4 6 8 9 11 | 11.0
Shields        | 4 5 |  5.2
Fighting       | 4 6 |  6.0
Dodging        | 4 |  4.3
Invocations    | 1 |  1.4

Action                     |  1- 3 |  4- 6 |  7- 9 || total
---------------------------+-------+-------+-------++-------
  Melee: War axe           |    43 |    11 |   177 ||   231
         Tentacles         |     4 |    11 |    53 ||    68
         Constrict         |     8 |    13 |    59 ||    80
         Hand axe          |       |    50 |    22 ||    72
         Punch             |       |       |     4 ||     4
  Throw: Throwing net      |       |     1 |       ||     1
    Use: Potion            |       |       |     3 ||     3
   Stab: Sleeping          |     7 |     7 |     8 ||    22
         Distracted        |     1 |       |       ||     1
         Held in net/web   |       |     1 |       ||     1
 Armour: Skin              |     8 |    18 |    91 ||   117
  Dodge: Dodged            |    17 |    22 |    99 ||   138
  Block: Buckler           |     5 |     8 |    38 ||    51

Table legend: (Time is in decaauts)
 A = Elapsed time spent in this place.
 B = Non-inter-level travel time spent in this place.
 C = Inter-level travel time spent in this place.
 D = Time resting spent in this place.
 E = Time spent auto-exploring this place.
 F = Levels seen in this place.
 G = Mean time per level.
                   A        B        C        D        E       F      G
               +--------+--------+--------+--------+--------+-----+--------+
         Total |   5450 |   5127 |    323 |    674 |   3294 |   9 |  605.6 |
       Dungeon |   5328 |   5092 |    236 |    674 |   3294 |   8 |  666.0 |
        Temple |    121 |     34 |     87 |      0 |      0 |   1 |  121.0 |
               +--------+--------+--------+--------+--------+-----+--------+

Top non-repeatable levels by time:
     D:3: 1102 daAuts
     D:7: 989 daAuts
     D:4: 804 daAuts
     D:5: 759 daAuts
     D:2: 619 daAuts
     D:6: 539 daAuts
     D:1: 503 daAuts
  Temple: 121 daAuts
     D:8: 10 daAuts
